 Dungeon Crawl Stone Soup version 0.26.1-11-gd32895ea62 (webtiles) character file.

Game seed: 5032561586198178861

318 jlumianski the Caller (level 6, -1/24 HPs)
             Began as a Felid Summoner on May 3, 2021.
             Was a Believer of Makhleb.
             Slain by an ice beast (12 damage)
             ... on level 4 of the Dungeon.
             The game lasted 01:05:50 (8258 turns).

jlumianski the Caller (Felid Summoner)              Turns: 8258, Time: 01:05:50

Health: -1/24      AC:  2    Str:  4    XL:     6   Next: 21%
Magic:  2/12       EV: 19    Int: 19    God:    Makhleb [**....]
Gold:   228        SH:  0    Dex: 22    Spells: 2/12 levels left
                                        Lives:  0   Deaths: 1

rFire    . . .     SeeInvis +     - Unarmed
rCold    . . .     Faith    .   (shield unavailable)
rNeg     . . .     Spirit   .   (armour unavailable)
rPois    .         Reflect  .   (helmet unavailable)
rElec    .         Harm     .   (cloak unavailable)
rCorr    .         Rampage  .   (gloves unavailable)
Will     .....                  (boots unavailable)
Stlth    +++.......             (no amulet)
HPRegen  0.08/turn              e - +6 ring of dexterity
MPRegen  0.13/turn              s - ring of wizardry

@: quick
A: very small, no armour, no weapons or thrown items, stealth, claws 1, fangs 3,
see invisible, speed 1, shaggy fur 2, sharp paws
a: Renounce Religion, Minor Destruction


You were on level 4 of the Dungeon.
You worshipped Makhleb.
Makhleb was pleased with you.
You visited 1 branch of the dungeon, and saw 5 of its levels.
You also visited: Sewer.

You collected 228 gold pieces.

Inventory:

Jewellery
 e - a +6 ring of dexterity (left paw)
 q - an uncursed ring of protection from cold
 s - a ring of wizardry (right paw)
Wands
 m - a wand of random effects (5)
Scrolls
 a - 3 scrolls of remove curse
 f - a scroll of noise
 g - 3 scrolls of identify
 h - 2 scrolls of magic mapping
 k - a scroll of teleportation {unknown}
 l - a scroll of immolation {unknown}
 n - a scroll of amnesia
 r - a scroll of enchant armour {unknown}
Potions
 b - 3 potions of flight
 c - 3 potions of lignification
 d - 7 potions of heal wounds
 i - 3 potions of curing
 j - 2 potions of might
 o - a potion of haste {unknown}
 p - a potion of attraction {unknown}
 t - 3 potions of brilliance


   Skills:
 + Level 0.1 Fighting
 + Level 3.4 Dodging
 * Level 3.5 Stealth
 + Level 1.4 Unarmed Combat
 + Level 3.8 Spellcasting
 + Level 6.1 Summonings
 * Level 0.9 Necromancy
 * Level 0.3 Invocations


You had 2 spell levels left.
You knew the following spells:

 Your Spells              Type           Power        Failure   Level
a - Summon Small Mammal   Summ           100%         1%          1
b - Call Imp              Summ           26%          1%          2
c - Call Canine Familiar  Summ           26%          1%          3
d - Pain                  Necr           28%          4%          1
e - Summon Guardian Gole  Hex/Summ       15%          4%          3

Your spell library contained the following spells:

 Spells                   Type           Power        Failure   Level
 Animate Skeleton         Necr           14%          4%          1
 Foxfire                  Conj/Fire      12%          6%          1
 Vampiric Draining        Necr           3%           12%         3
 Conjure Flame            Conj/Fire      3%           16%         3
 Inner Flame              Hex/Fire       3%           16%         3
 Summon Ice Beast         Ice/Summ       15%          16%         4
 Summon Lightning Spire   Summ/Air       15%          16%         4
 Animate Dead             Necr           3%           34%         4
 Sticky Flame             Conj/Fire      3%           45%         4
 Agony                    Necr           7%           69%         5
 Fireball                 Conj/Fire      1%           80%         5


Dungeon Overview and Level Annotations

Branches:
Dungeon (5/15)              Sewer (visited)
 Temple: D:4-7

Altars:
Hepliaklqana
Makhleb
Okawaru


Innate Abilities, Weirdness & Mutations

You cannot wear armour.
You are incapable of wielding weapons or throwing items.
Your paws allow you to move quietly. (Stealth)
You have sharp claws.
You have razor-sharp teeth.
You have supernaturally acute eyesight. (SInv)
You cover ground quickly.
You are covered in thick fur. (AC +2)
Your sharp claws are effective at attacking unaware monsters.


Message History

The ice beast closely misses you.
Casting: Pain (safe; 4% risk of failure)
Confirm with . or Enter, or press ? or * to list all spells.
Casting: Call Canine Familiar (safe; 1% risk of failure)
Confirm with . or Enter, or press ? or * to list all spells.
Your hound disappears in a puff of smoke!
Your hound bites the ice beast but does no damage.
Casting: Call Canine Familiar (safe; 1% risk of failure)
Confirm with . or Enter, or press ? or * to list all spells.
Your hound disappears in a puff of smoke!
The ice beast barely misses you.
Your hound barely misses the ice beast.
You barely miss the ice beast. Your bite misses the ice beast.
Your hound barely misses the ice beast.
Casting: Call Canine Familiar (safe; 1% risk of failure)
Confirm with . or Enter, or press ? or * to list all spells.
Your hound bites the ice beast.
The ice beast hits you. The ice beast freezes you!
Ouch! That really hurt!
You die...

#............................
#............................
###..#..............#######..
##..#........####.....#....
##..........## #####...#.#
##..........######.......
#.............#...#.)##.
##.......r........##.....
######.......@...###.#........
##..#.........Yh..###..........
#...#.###.............##...#...
#.#.#.# ##.................#...
##.#...###.................##..#
#..........##.(............##...
#.......#####.................#.
#.......# #...............####
#.......# ###..............## ##


You could see an ice beast, a friendly hound (summoned) and a friendly quokka
(summoned).

Vanquished Creatures
  A hound skeleton (D:4)
  2 giant cockroaches
  3 goblins (D:1)
  3 hobgoblins
  4 kobolds
  2 ball pythons (Sewer)
  6 bats
  4 frilled lizards
  9 rats
34 creatures vanquished.

Vanquished Creatures (collateral kills)
  An ogre (D:4)
  3 big kobolds (Sewer)
  A howler monkey (D:3)
  3 hounds
  A jelly (D:5)
  An orc priest (D:2)
  A worker ant (D:3)
  5 adders
  An ooze (D:4)
  2 worms
  2 leopard geckos
  10 orcs
  2 giant cockroaches
  6 hobgoblins
  5 jackals
  11 kobolds
  4 ball pythons
  4 bats
  2 frilled lizards (D:1)
  5 goblins
  5 rats
75 creatures vanquished.

Vanquished Creatures (others)
  9 plants (Sewer)
9 creatures vanquished.

Grand Total: 118 creatures vanquished

Notes
Turn   | Place    | Note
-------+----------+-------------------------------------------
     0 | D:1      | jlumianski the Felid Summoner began the quest for the Orb.
     0 | D:1      | Reached XP level 1. HP: 7/7 MP: 4/4
   470 | D:1      | Reached XP level 2. HP: 11/11 MP: 3/6
   986 | D:1      | Learned a level 2 spell: Call Imp
  2107 | D:2      | Reached XP level 3. HP: 14/14 MP: 7/7
  2380 | D:2      | Found a burning altar of Makhleb.
  2381 | D:2      | Found a hazy altar of Hepliaklqana.
  2395 | D:2      | Became a worshipper of Makhleb the Destroyer
  4556 | D:3      | Reached XP level 4. HP: 18/18 MP: 6/8
  4576 | D:3      | Found an iron altar of Okawaru.
  4893 | D:2      | Reached skill level 5 in Summonings
  5066 | D:2      | Reached * piety under Makhleb
  5104 | D:3      | Learned a level 3 spell: Call Canine Familiar
  5823 | D:3      | Reached XP level 5. HP: 5/21 MP: 6/10
  6137 | D:4      | Noticed an ogre
  6201 | D:4      | Mangled by an ogre
  6202 | D:4      | Reached XP level 4. HP: -7/18 MP: 9/9
  6428 | D:4      | Reached skill level 1 in Unarmed Combat
  6758 | D:4      | Killed an ogre
  6759 | D:4      | Reached XP level 5. HP: 21/21 MP: 2/10
  7194 | D:5      | Entered Level 5 of the Dungeon
  7359 | D:5      | Got a translucent broad axe
  7364 | D:5      | Found a glowing drain.
  7378 | D:5      | Learned a level 1 spell: Pain
  7462 | Sewer    | Entered a sewer
  7685 | Sewer    | Reached skill level 6 in Summonings
  7822 | Sewer    | Gained mutation: You are covered in thick fur. (AC +2)
                  | [Felid growth]
  7822 | Sewer    | Reached XP level 6. HP: 18/24 MP: 4/12
  7826 | Sewer    | Learned a level 3 spell: Summon Guardian Golem
  7960 | Sewer    | Reached ** piety under Makhleb
  8172 | D:5      | Noticed an ice beast
  8258 | D:4      | Slain by an ice beast

Illustrated notes

Levels and vault maps discovered:
D:1:      dpeg_arrival_pond, layout_loops_corners
D:2:      layout_loops_ring, gammafunk_temple_overflow_wave,
          hangedman_decor_diamond_cutter
D:3:      layout_basic, overflow_temple_1_default
D:4:      layout_rooms
D:5:      layout_cave_pools, lemuel_coloured_pillars_altar,
          cheibrodos_sewer_entry_bend, kennysheep_donut,
          corexii_item_surrounded_by_moat, chequers_serial_rivers_micro_c,
          uniq_sigmund

Skill      XL: |  1  2  3  4  5 |
---------------+----------------+-----
Stealth        | 3 |  3.5
Summonings     | 5 6 |  6.1
Dodging        | 3 |  3.4
Spellcasting   | 3 |  3.8
Unarmed Combat | 1 |  1.4
Fighting       | |  0.1
Necromancy     | |  0.9
Invocations    | |  0.3

Action                   |  1- 3 |  4- 6 || total
-------------------------+-------+-------++-------
Melee: Unarmed           |    76 |    72 ||   148
       Bite              |     4 |     6 ||    10
 Cast: Summon Small Mamm |    57 |    36 ||    93
       Call Imp          |    23 |    34 ||    57
       Call Canine Famil |       |    18 ||    18
       Pain              |       |     2 ||     2
       Summon Guardian G |       |     1 ||     1
  Use: Scroll            |     2 |     6 ||     8
       Potion            |     2 |     3 ||     5
 Stab: Sleeping          |    15 |     3 ||    18
Armor: Skin              |     6 |    12 ||    18
Dodge: Dodged            |    96 |   164 ||   260
